 Dungeon Crawl Stone Soup version 0.31-a0-263-ge8cad7f256 (webtiles) character file.

Game seed: 16118642604176879228

1213 qw the Skirmisher (level 8, -1/48 HPs)
             Began as a Gargoyle Hexslinger on July 13, 2023.
             Was a Follower of Okawaru.
             Engulfed by a steam dragon's steam (9 damage)
             ... on level 6 of the Dungeon.
             The game lasted 00:01:37 (3873 turns).

qw the Skirmisher (Gargoyle Hexslinger)             Turns: 3873, Time: 00:01:38

Health: -1/48      AC: 11    Str: 12    XL:     8   Next: 46%
Magic:  10/11      EV: 13    Int: 14    God:    Okawaru [*.....]
Gold:   258        SH:  0    Dex: 14    Spells: 8/9 levels left

rFire   . . .        r - +0 orcbow
rCold   . . .        (shield currently unavailable)
rNeg    + . .        e - +0 ring mail
rPois   inf          (no helmet)
rElec   +            (no cloak)
rCorr   .            (no gloves)
SInv    +            (no boots)
Will    +....        h - amulet of faith
Stlth   ++           b - ring of willpower
HPRegen 0.28/turn    m - ring of see invisible
MPRegen 0.12/turn

%: faith
@: about to teleport, heroic
A: sickness immunity, AC +5, negative energy resistance 1, electricity
resistance, torment resistance 1, petrification resistance
a: Renounce Religion, Heroism


You were on level 6 of the Dungeon.
You worshipped Okawaru.
Okawaru was aware of your devotion.
You visited 1 branch of the dungeon, and saw 6 of its levels.

You collected 314 gold pieces.
You spent 56 gold pieces at shops.


Innate Abilities, Weirdness & Mutations

You are immune to sickness and miasma.
Your stone body is resilient. (AC +5)
You are immune to poison.
You resist negative energy. (rN+)
You are resistant to electric shocks. (rElec)
You are resistant to unholy torment.
You are immune to petrification.


   Skills:
 + Level 4.6(9.6) Fighting
 - Level 8.0(13.0) Ranged Weapons
 - Level 1.0(6.0) Armour
 - Level 1.5(6.5) Dodging
 - Level 1.0 Spellcasting
 - Level 2.6 Hexes
 - Level 4.3 Invocations


You had 8 spell levels left.
You knew the following spells:

 Your Spells              Type           Power      Damage    Failure   Level
a - Slow                  Hex            32%        N/A       19%         1

Your spell library contained the following spells:

 Spells                   Type           Power      Damage    Failure   Level
 Inner Flame              Hex/Fire       4%         N/A       67%         3
 Portal Projectile        Hex/Tloc       8%         N/A       67%         3
 Cause Fear               Hex            4%         N/A       87%         4

Inventory:

Hand Weapons
 r - a +0 orcbow (weapon)
Armour
 e - a +0 ring mail (worn)
Jewellery
 b - a ring of willpower (left hand)
 h - an amulet of faith (around neck)
 l - a ring of fire
 m - a ring of see invisible (right hand)
 p - a ring of ice
Scrolls
 c - 2 scrolls of teleportation
 i - a scroll of identify
Potions
 a - a potion of curing
 d - a potion of haste
 f - a potion of heal wounds
 g - a potion of might
 k - a potion of magic
 n - a potion of mutation {unknown}
 o - a potion of cancellation {unknown}
 q - 2 potions of berserk rage {unknown}

Dungeon Overview and Level Annotations

Branches:
Dungeon (6/15)
 Temple: D:4-7

Altars:
Okawaru

Shops:
D:4 *


Message History

You shoot an arrow. The arrow barely misses the white imp.
The ogre shouts!
You shoot an arrow.
The arrow barely misses the steam dragon.
The steam dragon breathes steam at you. The ball of steam hits you.
You hear a shout!
You shoot an arrow.
The arrow barely misses the steam dragon.
You are engulfed in a cloud of scalding steam.
The steam dragon completely misses you. The steam dragon closely misses you.
You shoot an arrow. The arrow hits the steam dragon!
The steam dragon is heavily wounded.
You are engulfed in a cloud of scalding steam.
The steam dragon barely misses you. x2
You shoot an arrow.
The arrow hits the steam dragon but does no damage.
The steam dragon is heavily wounded.
The steam dragon breathes steam at you. The ball of steam hits you!
You shoot an arrow.
The arrow closely misses the steam dragon.
You are engulfed in a cloud of scalding steam.
The steam dragon bites you. The steam dragon barely misses you.
You shoot an arrow.
The arrow barely misses the steam dragon.
You are engulfed in a cloud of scalding steam.
The white imp barely misses you. The steam dragon bites you.
The steam dragon barely misses you.
You shoot an arrow. The arrow hits the steam dragon.
The steam dragon is heavily wounded.
The white imp misses you. The steam dragon breathes steam at you.
The ball of steam hits you!
You hear a shout! x2
3873 ||| READING 3 scrolls of teleportation.
As you read the scroll of teleportation, it crumbles to dust.
You feel strangely unstable.
You are engulfed in a cloud of scalding steam.
You die...

............
.......######..# .#
...)...#### #..# #####..
..........###... .......
...(........#.###.....##
........................
..............##.......#
.................5......
......).........@#
....).).).....##.D......
.......##.############..
...>...#### .......#
.......# .......#
......## .....##


You could see a steam dragon and a white imp.

Vanquished Creatures
  2 water moccasins (D:6)
  2 ogres (D:5)
  A centaur (D:6)
  A phantom (D:4)
  A scorpion (D:5)
  A howler monkey (D:5)
  3 jellies
  3 hounds
  2 sleepcaps
  4 iguanas
  2 orc wizards (D:5)
  3 gnolls (D:4)
  4 adders
  A shadow imp (D:4)
  An ufetubus (D:5)
  3 worms
  5 dart slugs
  6 orcs
  6 ball pythons
  6 bats
  4 endoplasms
  4 giant cockroaches
  15 goblins
  5 hobgoblins
  6 jackals (D:2)
  6 kobolds
  5 quokkas
  2 frilled lizards
  7 rats
111 creatures vanquished.

Notes
Turn   | Place    | Note
-------+----------+-------------------------------------------
     0 | D:1      | qw the Gargoyle Hexslinger began the quest for the Orb.
     0 | D:1      | Reached XP level 1. HP: 12/12 MP: 2/2
     0 | D:1      | 0 ||| qw: Version: 0.3-a-52-g30416fa
     0 | D:1      | 0 ||| qw: Game counter: 7530
     0 | D:1      | 0 ||| qw: Melee chars always use a shield: true
     0 | D:1      | 0 ||| qw: God list: Okawaru
     0 | D:1      | 0 ||| qw: Allow faded altars: false
     0 | D:1      | 0 ||| qw: Do Orc after clearing Dungeon:15 true
     0 | D:1      | 0 ||| qw: Do second Lair branch before Depths: true
     0 | D:1      | 0 ||| qw: Lair rune preference: random
     0 | D:1      | 0 ||| qw: Goals: Normal
     0 | D:1      | 0 ||| PLANNING D:1-11
   103 | D:1      | Reached XP level 2. HP: 16/16 MP: 3/3
   115 | D:1      | Reached skill level 3 in Ranged Weapons
   305 | D:1      | Reached XP level 3. HP: 21/21 MP: 4/4
   680 | D:1      | 680 ||| READING scroll labelled VUDOKI CUETHRA.
   683 | D:1      | 683 ||| READING 3 scrolls labelled VAGHEYP XAUDO.
   684 | D:1      | 684 ||| READING 2 scrolls of enchant weapon.
   684 | D:1      | 684 ||| ENCHANTING +2 sling.
   685 | D:1      | 685 ||| READING scroll of enchant weapon.
   685 | D:1      | 685 ||| ENCHANTING +3 sling.
   686 | D:1      | 686 ||| DROPPING scroll of poison.
   823 | D:2      | 823 ||| FLEEEEING.
   924 | D:2      | Reached XP level 4. HP: 26/26 MP: 5/5
  1144 | D:2      | Reached skill level 4 in Ranged Weapons
  1172 | D:2      | 1172 ||| UPGRADING to +0 leather armour.
  1182 | D:2      | 1182 ||| DROPPING +0 robe.
  1183 | D:2      | 1183 ||| UPGRADING to amulet of faith.
  1188 | D:2      | 1188 ||| READING scroll labelled KUENETWURE.
  1189 | D:2      | 1189 ||| READING scroll labelled ZIJYXO GERPHE.
  1190 | D:2      | 1190 ||| DRINKING 2 white potions.
  1191 | D:2      | 1191 ||| DROPPING potion of invisibility.
  1220 | D:3      | Found a faded altar of an unknown god.
  1621 | D:3      | HP: 3/26 [iguana (8)]
  1871 | D:3      | 1871 ||| UPGRADING to +0 ring mail.
  1881 | D:3      | 1881 ||| DROPPING +0 leather armour.
  1882 | D:3      | 1882 ||| UPGRADING to ring of willpower.
  1883 | D:3      | 1883 ||| READING scroll labelled YDOHAR PISO.
  1884 | D:3      | 1884 ||| READING scroll labelled XERANW POFE.
  1885 | D:3      | 1885 ||| DRINKING 2 bubbling blue potions.
  1886 | D:3      | 1886 ||| DRINKING 2 cyan potions.
  1925 | D:3      | 1925 ||| DRINKING 2 golden potions.
  1926 | D:3      | 1926 ||| DROPPING potion of lignification.
  1927 | D:3      | 1927 ||| DROPPING potion of degeneration.
  1973 | D:4      | Reached skill level 1 in Armour
  1973 | D:4      | Reached XP level 5. HP: 30/30 MP: 6/6
  2070 | D:4      | Found an iron altar of Okawaru.
  2071 | D:4      | 2071 ||| PLANNING OKAWARU WORSHIP
  2071 | D:4      | 2071 ||| READING scroll labelled YPICIA BIDES.
  2072 | D:4      | 2072 ||| READING scroll labelled YTZAENOCEO.
  2073 | D:4      | 2073 ||| DRINKING 2 ruby potions.
  2084 | D:4      | Reached skill level 5 in Ranged Weapons
  2085 | D:4      | Became a worshipper of Warmaster Okawaru
  2086 | D:4      | 2086 ||| PLANNING D:1-11
  2107 | D:4      | Found Eninnafe's CLEARANCE SALE!.
  2115 | D:4      | 2115 ||| BUYING potion of curing (21 gold).
  2115 | D:4      | Bought a potion of curing for 21 gold pieces
  2115 | D:4      | 2115 ||| BUYING potion of heal wounds (35 gold).
  2115 | D:4      | Bought a potion of heal wounds for 35 gold pieces
  2115 | D:4      | 2115 ||| SHOPLISTING ring of ice (175 gold, have 114).
  2255 | D:4      | Reached skill level 3 in Fighting
  2419 | D:4      | Reached XP level 6. HP: 37/37 MP: 7/7
  2797 | D:4      | Reached skill level 6 in Ranged Weapons
  2811 | D:4      | 2811 ||| UPGRADING to ring of see invisible.
  2847 | D:5      | Entered Level 5 of the Dungeon
  2869 | D:5      | HP: 6/37 [ogre/+0 giant spiked club (11)]
  2870 | D:5      | 2870 ||| READING 2 scrolls of teleportation.
  2871 | D:5      | 2871 ||| DRINKING 2 potions of heal wounds.
  2872 | D:5      | Reached * piety under Okawaru
  2877 | D:5      | Reached XP level 7. HP: 34/43 MP: 8/8
  2920 | D:5      | 2920 ||| INVOKING Heroism.
  2924 | D:5      | Reached skill level 1 in Invocations
  2994 | D:5      | 2994 ||| INVOKING Heroism.
  3125 | D:5      | 3125 ||| READING scroll of enchant weapon.
  3125 | D:5      | 3125 ||| ENCHANTING +4 heavy sling.
  3287 | D:5      | Identified the +0 leather armour of Romitoad {Str+3 Int+2
                  | Dex-2}
  3296 | D:5      | Reached skill level 3 in Invocations
  3350 | D:5      | 3350 ||| STAIRDANCE
  3384 | D:4      | 3384 ||| DROPPING +0 leather armour of Romitoad {Str+3
                  | Int+2 Dex-2}.
  3462 | D:5      | 3462 ||| INVOKING Heroism.
  3463 | D:5      | 3463 ||| Stepping ~*~*~tactically~*~*~ (outnumbered).
  3474 | D:5      | Reached skill level 7 in Ranged Weapons
  3509 | D:5      | Reached XP level 8. HP: 48/48 MP: 10/10
  3586 | D:5      | 3586 ||| READING 2 scrolls of identify.
  3586 | D:5      | 3586 ||| IDENTIFYING fuming inky potion
  3608 | D:6      | Reached ** piety under Okawaru
  3621 | D:6      | 3621 ||| INVOKING Heroism.
  3657 | D:6      | Reached skill level 8 in Ranged Weapons
  3666 | D:6      | 3666 ||| INVOKING Heroism.
  3758 | D:6      | 3758 ||| SWAPPING to +0 orcbow.
  3761 | D:6      | 3761 ||| DROPPING +5 heavy sling.
  3772 | D:6      | 3772 ||| INVOKING Heroism.
  3861 | D:6      | 3861 ||| INVOKING Heroism.
  3872 | D:6      | HP: 8/48 [steam dragon/ball of steam (14)]
  3873 | D:6      | 3873 ||| READING 3 scrolls of teleportation.
  3873 | D:6      | Engulfed by a steam dragon's steam

Levels and vault maps discovered:
D:1:      lemuel_arrival_behind_the_door_small, layout_loops_ring
D:2:      layout_rooms
D:3:      layout_basic, chequers_ecumenical_altar_simple_redux,
          serial_corexii_hall, corexii_hall_statues_i,
          chequers_hall_statues_corner_a
D:4:      layout_gridville, okawaru_trees_1, minivault_5,
          minmay_misc_feat_tower, nicolae_shop_clearance
D:5:      nicolae_BIG_FREAKIN_CUBE, layout_loops_cross
D:6:      layout_rooms, fedhas_altar_fruit_tree, lemuel_temple_firewalk_a

Skill      XL: |  1  2  3  4  5  6  7  8 |
---------------+-------------------------+-----
Ranged Weapons | 3 4 5 6 7 8 |  8.0
Fighting       | 2 3 4 |  4.6
Armour         | 1 |  1.0
Invocations    | 3 4 |  4.3
Dodging        | |  1.5
Spellcasting   | |  1.0
Hexes          | |  2.6

Action                     |  1- 3 |  4- 6 |  7- 9 || total
---------------------------+-------+-------+-------++-------
   Fire: Sling             |   115 |   104 |    75 ||   294
         Orcbow            |       |       |    24 ||    24
 Invoke: Heroism           |       |       |     7 ||     7
    Use: Scroll            |     4 |     7 |     3 ||    14
         Potion            |       |     6 |       ||     6
 Armour: Robe              |    12 |     6 |       ||    18
         Ring mail         |       |    13 |    22 ||    35
  Dodge: Dodged            |    32 |    23 |    45 ||   100

Table legend:
 A = Non-vault XP
 B = Vault XP
 C = Vault XP percentage of total XP
 D = Non-vault monster count
 E = Vault monster count
 F = Vault count percentage of total count
                 A         B        C        D         E       F
            +---------+---------+-------+---------+---------+-------
      Total |    1734 |       0 |   0.0 |     111 |       0 |   0.0
            +---------+---------+-------+---------+---------+-------
        D:1 |      54 |       0 |   0.0 |      31 |       0 |   0.0
        D:2 |      42 |       0 |   0.0 |      23 |       0 |   0.0
        D:3 |      57 |       0 |   0.0 |      10 |       0 |   0.0
        D:4 |     355 |       0 |   0.0 |      22 |       0 |   0.0
        D:5 |     718 |       0 |   0.0 |      17 |       0 |   0.0
        D:6 |     508 |       0 |   0.0 |       8 |       0 |   0.0
            +---------+---------+-------+---------+---------+-------
